 Dungeon Crawl Stone Soup version 0.30-a0-883-g5ad918d77d (webtiles) character file.

Game seed: 8800521236864019429

5870 bande the Cleaver (level 10, -1/67 HPs)
             Began as a Gargoyle Fighter on Mar 16, 2023.
             Was a High Priest of Okawaru.
             Slain by a spatial maelstrom (4 damage)
             ... on level 1 of the Abyss.
             The game lasted 00:15:40 (9594 turns).

bande the Cleaver (Gargoyle Fighter)                Turns: 9594, Time: 00:15:41

Health: -1/67      AC: 14    Str: 20    XL:     10   Next: 81%
Magic:  0/14       EV:  9    Int:  7    God:    Okawaru [*****.]
Gold:   640        SH: 10    Dex: 13    Spells: 9/9 levels left

rFire   + + .      SeeInvis .    b - +2 war axe (elec)
rCold   . . .      Faith    .    x - +0 kite shield
rNeg    + . .      Spirit   +    p - +1 ring mail {rF+}
rPois   ∞          Reflect  .    (helmet restricted)
rElec   +          Rampage  .    h - scarf {rC+ rF+}
rCorr   .                        (no gloves)
Will    +....                    (no boots)
Stlth   +                        m - amulet of guardian spirit
HPRegen 0.31/turn                (no ring)
MPRegen 0.14/turn                (no ring)

@: no status effects
A: sickness immunity, AC +7, negative energy resistance 1, electricity
resistance, torment resistance 1, petrification resistance, horns 1, dopey 1,
strong-willed 1, robust 1, evolution 1, cold vulnerability 1
a: Renounce Religion, Heroism, Finesse, Duel


You were on level 1 of the Abyss.
You worshipped Okawaru.
Okawaru was extremely pleased with you.
You visited 2 branches of the dungeon, and saw 10 of its levels.
You visited the Abyss 1 time.
You also visited: Sewer.

You collected 640 gold pieces.

Inventory:

Hand Weapons
 a - a +0 war axe
 b - a +2 war axe of electrocution (weapon)
 n - a +0 flail
Missiles
 o - 3 throwing nets (quivered)
Armour
 h - a scarf of resistance (worn)
 p - a +1 ring mail of fire resistance (worn)
 u - a +1 helmet
 x - a +0 kite shield (worn)
Jewellery
 k - an amulet of the acrobat
 l - an amulet of magic regeneration
 m - an amulet of guardian spirit (around neck)
 r - a ring of magical power
 t - a ring of ice
Wands
 q - a wand of flame (21)
 F - a wand of digging (2)
Scrolls
 y - 2 scrolls of fog
 z - a scroll of amnesia
 A - 2 scrolls of magic mapping
 B - 2 scrolls of blinking
 C - 5 scrolls of teleportation
Potions
 d - 2 potions of might
 e - a potion of mutation
 f - 2 potions of haste
 g - 2 potions of curing
 i - 2 potions of magic
 j - a potion of invisibility
 s - a potion of attraction {unknown}
 v - 8 potions of flight
 w - 4 potions of brilliance {unknown}
 D - a potion of heal wounds
 E - a potion of lignification {unknown}


   Skills:
 + Level 6.7 Fighting
 + Level 9.2 Axes
 + Level 7.0 Armour
 + Level 7.0 Shields
 * Level 6.5 Invocations
 * Level 4.7 Evocations


You had 9 spell levels left.
You didn't know any spells.
Your spell library contained the following spells:

 Spells                   Type           Power      Damage    Failure   Level
 Olgreb's Toxic Radiance  Pois           0%         N/A       100%        4
 Conjure Ball Lightning   Conj/Air       0%         3x3d6     100%        6
 Ozocubu's Refrigeration  Ice            0%         4d7       100%        7
 Discord                  Hex            0%         N/A       100%        8
 Disjunction              Tloc           0%         N/A       100%        8
 Ignition                 Fire           0%         3d3       100%        8


Dungeon Overview and Level Annotations

Branches:
Dungeon (9/15)             Temple (1/1) D:4           Sewer (visited)
   Lair: D:8-11         Orc: D:9-12

Altars:
Ashenzari
Dithmenos
Elyvilon
Makhleb
Nemelex Xobeh
Okawaru
Qazlal
Sif Muna
Trog
Uskayaw
Vehumet
Xom
Yredelemnul
The Shining One


Innate Abilities, Weirdness & Mutations

You are immune to sickness and miasma.
Your stone body is resilient. (AC +7)
You are immune to poison.
You resist negative energy. (rN+)
You are resistant to electric shocks. (rElec)
You are resistant to unholy torment.
You are immune to petrification.
You have a pair of small horns on your head.
You are dopey. (Int -2)
You are strong-willed. (Will+)
You are robust. (+10% HP)
You have hidden genetic potential.
You are vulnerable to cold. (rC-)


Message History

The spatial maelstrom hits you. Space warps around you.
A spatial vortex comes into view.
You block the spatial maelstrom's attack.
The spatial maelstrom hits you! Space warps around you.
A spatial vortex comes into view.
The spatial maelstrom attacks as you move away!
You block the spatial maelstrom's attack.
The spatial maelstrom barely misses you.
The spatial maelstrom hits you. Space warps around you.
You block the spatial maelstrom's attack.
A thrashing horror comes into view.
The thrashing horror roars!
A small abomination comes into view.
The spatial maelstrom hits you! Space warps around you.
The spatial maelstrom hits you but does no damage.
A spatial vortex comes into view.
A ynoxinul comes into view.
The ynoxinul bellows!
The thrashing horror tramples you!
You hold your ground!
The thrashing horror tramples you but does no damage.
The ynoxinul gestures.
A quasit comes into view.
The thrashing horror tramples you!
* * * LOW HITPOINT WARNING * * *
You hold your ground!
The thrashing horror tramples you but does no damage.
The spatial maelstrom hits you.
* * * LOW HITPOINT WARNING * * *
You wobble for a moment.
The spatial maelstrom closely misses you.
You barely miss the thrashing horror.
The quasit gives a chilling moan.
You hit the spatial maelstrom.
The thrashing horror tramples you but does no damage.
The thrashing horror tramples you.
* * * LOW HITPOINT WARNING * * *
You hold your ground!
The spatial maelstrom hits you!
* * * LOW HITPOINT WARNING * * *
Space warps around you.
You die...

...##.#.. ...##.#
#.....##.... ##
#....#.....# . v
##.#....#..#. .
##..#.. ###. .
.#.###v..###....#.
................
..##..##v.##..##
#.. #@.# ..#
...............
.......xX......
..##..##..##..##
.. #.. #..# ..#
... .... .35 ...
.... .5 .## #..##


You could see a spatial maelstrom, a spatial vortex, a thrashing horror, a
ynoxinul, a small abomination, a quasit and an ufetubus (summoned).

Vanquished Creatures
  The ghost of Selderis the Destroyer, a journeyman DrCj of Vehumet (D:8)
  2 kobold demonologists (D:8)
  A komodo dragon (D:8)
  A hornet (D:8)
  A wyvern (D:9)
  A vampire (D:9)
  A wraith (D:5)
  4 yaks (D:6)
  A steam dragon (D:6)
  Menkaure (D:6)
  2 water moccasins
  An ice beast (D:8)
  2 orc warriors (D:8)
  A black bear (D:7)
  3 sky beasts
  An ogre (D:7)
  2 centaurs
  A phantom (D:6)
  2 bullfrogs
  2 scorpions
  2 gnoll sergeants (D:7)
  4 wights (D:9)
  5 killer bees
  3 howler monkeys
  3 hounds
  A jelly (D:6)
  An orc priest (D:9)
  A sleepcap (D:6)
  3 iguanas
  5 orc wizards
  8 adders
  16 gnolls
  6 river rats (Sewer)
  A shadow imp (D:7)
  A white imp (D:7)
  An ufetubus (D:5)
  5 dart slugs
  21 orcs
  11 bats
  4 endoplasms
  3 giant cockroaches
  4 hobgoblins
  A jackal (Sewer)
  6 kobolds
  9 quokkas
  11 ball pythons
  9 frilled lizards
  7 goblins
  4 rats
  A butterfly (D:4)
188 creatures vanquished.

Vanquished Creatures (others)
  The ghost of jimonade the Magician, an amateur DjWr of Okawaru (D:5)
  3 fungi (D:9)
  A plant (D:9)
5 creatures vanquished.

Grand Total: 193 creatures vanquished

Notes
Turn   | Place    | Note
-------+----------+-------------------------------------------
     0 | D:1      | bande the Gargoyle Fighter began the quest for the Orb.
     0 | D:1      | Reached XP level 1. HP: 14/14 MP: 1/1
   360 | D:1      | Reached XP level 2. HP: 19/19 MP: 2/2
   937 | D:2      | Reached XP level 3. HP: 23/23 MP: 3/3
   994 | D:2      | Reached skill level 2 in Axes
  1226 | D:2      | Reached XP level 4. HP: 14/29 MP: 4/4
  1228 | D:2      | Gained mutation: You are vulnerable to heat. (rF-) [potion
                  | of mutation]
  1228 | D:2      | Gained mutation: You possess an exceptional clarity of
                  | mind. [potion of mutation]
  1228 | D:2      | Gained mutation: Your spells are a little harder to cast,
                  | but a little more powerful. [potion of mutation]
  1419 | D:2      | Lost mutation: You are vulnerable to heat. (rF-) [potion of
                  | mutation]
  1419 | D:2      | Lost mutation: Your spells are a little harder to cast, but
                  | a little more powerful. [potion of mutation]
  1419 | D:2      | Lost mutation: You possess an exceptional clarity of mind.
                  | [potion of mutation]
  1419 | D:2      | Gained mutation: You are weak. (Str -2) [potion of
                  | mutation]
  1419 | D:2      | Gained mutation: Your movements are slightly less
                  | encumbered by armour. (ER -2) [potion of mutation]
  1419 | D:2      | Gained mutation: You have a somewhat thin skeletal
                  | structure. (Dex +2, Stealth+) [potion of mutation]
  1895 | D:3      | Reached skill level 3 in Axes
  1895 | D:3      | Reached XP level 5. HP: 6/33 MP: 5/5
  2359 | D:3      | Found a faded altar of an unknown god.
  2687 | D:4      | Reached XP level 6. HP: 20/38 MP: 6/6
  2690 | D:4      | Reached skill level 4 in Axes
  2857 | D:4      | Found a staircase to the Ecumenical Temple.
  2864 | Temple   | Entered the Ecumenical Temple
  2882 | Temple   | Became a worshipper of Warmaster Okawaru
  3215 | D:5      | Entered Level 5 of the Dungeon
  3449 | D:5      | Reached skill level 1 in Invocations
  3461 | D:5      | Noticed a wraith
  3468 | D:5      | Killed a wraith
  3469 | D:5      | Reached XP level 7. HP: 24/44 MP: 6/8
  3596 | D:5      | Reached * piety under Okawaru
  3597 | D:5      | Reached skill level 5 in Axes
  3597 | D:5      | Reached skill level 5 in Armour
  4143 | D:5      | Found a runed translucent door.
  4143 | D:5      | Noticed jimonade's ghost (amateur DjWr)
  4238 | D:5      | Killed jimonade's ghost
  4239 | D:5      | Reached XP level 8. HP: 46/48 MP: 7/10
  4315 | D:6      | Reached skill level 5 in Fighting
  4315 | D:6      | Reached skill level 1 in Evocations
  4357 | D:6      | Reached skill level 6 in Axes
  4370 | D:6      | Reached skill level 5 in Shields
  4426 | D:6      | Found a glowing drain.
  4436 | Sewer    | Entered a sewer
  5080 | D:6      | Noticed a yak
  5080 | D:6      | Noticed a yak
  5081 | D:6      | Noticed a yak
  5081 | D:6      | Noticed a yak
  5090 | D:6      | Killed a yak
  5090 | D:6      | Reached ** piety under Okawaru
  5094 | D:6      | Killed a yak
  5094 | D:6      | Killed a yak
  5095 | D:6      | Reached skill level 7 in Axes
  5095 | D:6      | Reached XP level 9. HP: 21/54 MP: 5/12
  5628 | D:6      | Noticed Menkaure
  5636 | D:6      | Killed Menkaure
  5636 | D:6      | Reached *** piety under Okawaru
  6759 | D:7      | Reached skill level 5 in Invocations
  6838 | D:7      | Lost mutation: You have a somewhat thin skeletal structure.
                  | (Dex +2, Stealth+) [potion of mutation]
  6838 | D:7      | Lost mutation: You are weak. (Str -2) [potion of mutation]
  6838 | D:7      | Lost mutation: Your movements are slightly less encumbered
                  | by armour. (ER -2) [potion of mutation]
  6838 | D:7      | Gained mutation: You sometimes lose your temper in combat.
                  | [potion of mutation]
  6838 | D:7      | Gained mutation: You expend magic power (3 MP) to
                  | strengthen your wands. [potion of mutation]
  6839 | D:7      | Lost mutation: You expend magic power (3 MP) to strengthen
                  | your wands. [potion of mutation]
  6839 | D:7      | Lost mutation: You sometimes lose your temper in combat.
                  | [potion of mutation]
  6839 | D:7      | Gained mutation: You have hidden genetic potential. [potion
                  | of mutation]
  6839 | D:7      | Gained mutation: You have a pair of small horns on your
                  | head. [potion of mutation]
  6839 | D:7      | Gained mutation: You are robust. (+10% HP) [potion of
                  | mutation]
  7168 | D:7      | Reached skill level 8 in Axes
  7532 | D:8      | Noticed a komodo dragon
  7543 | D:8      | Killed a komodo dragon
  7543 | D:8      | Reached **** piety under Okawaru
  7544 | D:8      | Reached XP level 10. HP: 18/66 MP: 2/14
  7850 | D:8      | Found a basalt altar of Yredelemnul.
  8574 | D:9      | Found a runed translucent gate.
  8574 | D:9      | Found a runed translucent gate.
  8574 | D:9      | Found a runed translucent gate.
  8575 | D:9      | Noticed a kobold demonologist
  8575 | D:9      | Noticed Selderis's ghost (journeyman DrCj)
  8608 | D:9      | Noticed a kobold demonologist
  8894 | D:9      | Gained mutation: You are strong-willed. (Will+) [hidden
                  | potential]
  9097 | D:9      | Found a burning altar of Makhleb.
  9218 | D:8      | Gained mutation: You are dopey. (Int -2) [a neqoxec]
  9220 | D:8      | Gained mutation: You are vulnerable to cold. (rC-) [a
                  | neqoxec]
  9221 | D:8      | Killed a kobold demonologist
  9221 | D:8      | Reached ***** piety under Okawaru
  9410 | D:8      | Killed a kobold demonologist
  9458 | D:8      | Killed Selderis's ghost
  9459 | D:8      | Reached skill level 9 in Axes
  9543 | Abyss:1  | Cast into level 1 of the Abyss (kobold brigand)
  9577 | Abyss:1  | Noticed a spatial maelstrom
  9590 | Abyss:1  | Noticed a thrashing horror
  9594 | Abyss:1  | HP: 3/67 [spatial maelstrom (8)]
  9594 | Abyss:1  | Slain by a spatial maelstrom

Illustrated notes

Levels and vault maps discovered:
D:1:      roderic_octagonal_star, layout_loops_ring, kennysheep_nondescript,
          nicolae_titane
D:2:      layout_loops_ring, kennysheep_generic_room_6
D:3:      layout_basic, ebering_ecumenical_altar_sacrificial,
          grunt_decor_mini_mirrors
D:4:      layout_basic, minmay_temple_entry_butterflies, hex_tiny
D:5:      layout_loops_ring, gammafunk_ghost_grave
D:6:      layout_layer_cave, portal_sewer_entry_d, uniq_menkaure
D:7:      layout_loops_corners
D:8:      layout_cave_pods, lemuel_doored_altar, minmay_misc_feat_rugged
D:9:      layout_rooms, bloody_makhleb, gammafunk_ghost_nasty_kobolds
Temple:   hellmonk_temple_of_storms
Abyss:1:  base:
D:5

Skill      XL: |  1  2  3  4  5  6  7  8  9 10 |
---------------+-------------------------------+-----
Armour         | 4 5 6 7 |  7.0
Axes           | 2 3 4 5 7 8 9 |  9.2
Fighting       | 4 5 6 |  6.7
Shields        | 4 5 6 7 |  7.0
Invocations    | 1 2 4 5 6 |  6.5
Evocations     | 2 3 4 |  4.7

Action                     |  1- 3 |  4- 6 |  7- 9 | 10-12 || total
---------------------------+-------+-------+-------+-------++-------
  Melee: War axe           |   133 |   116 |   220 |   128 ||   597
         Headbutt          |       |       |    11 |    20 ||    31
    Use: Potion            |       |     3 |     3 |     1 ||     7
         Scroll            |       |     5 |    11 |     2 ||    18
   Stab: Sleeping          |       |     1 |     1 |       ||     2
         Distracted        |       |       |     1 |       ||     1
 Armour: Scale mail        |    94 |     5 |       |       ||    99
         Ring mail         |       |    82 |   200 |   108 ||   390
  Dodge: Dodged            |    77 |    97 |   147 |    80 ||   401
  Block: Buckler           |    34 |    33 |    79 |       ||   146
         Kite shield       |       |       |    19 |   123 ||   142

Table legend: (Time is in decaauts)
 A = Elapsed time spent in this place.
 B = Non-inter-level travel time spent in this place.
 C = Inter-level travel time spent in this place.
 D = Time resting spent in this place.
 E = Time spent auto-exploring this place.
 F = Levels seen in this place.
 G = Mean time per level.
                   A        B        C        D        E       F      G
               +--------+--------+--------+--------+--------+-----+--------+
         Total |  10180 |  10039 |    141 |   1531 |   6410 |  12 |  848.3 |
       Dungeon |   9272 |   9131 |    141 |   1531 |   5896 |   9 | 1030.2 |
        Temple |     36 |     36 |      0 |      0 |      5 |   1 |   36.0 |
         Abyss |     50 |     50 |      0 |      0 |      0 |   1 |   50.0 |
         Sewer |    820 |    820 |      0 |      0 |    509 |   1 |  820.0 |
               +--------+--------+--------+--------+--------+-----+--------+

Top non-repeatable levels by time:
     D:6: 1568 daAuts
     D:8: 1566 daAuts
     D:7: 1178 daAuts
     D:2: 976 daAuts
     D:5: 971 daAuts
     D:1: 935 daAuts
   Sewer: 820 daAuts
     D:3: 815 daAuts
     D:4: 737 daAuts
     D:9: 525 daAuts
 Abyss:1: 50 daAuts
  Temple: 36 daAuts
